 Dungeon Crawl Stone Soup version 0.30-a0-1161-g0704695555 (webtiles) character file.

Game seed: 15752565971084517586

25 kae the Insei (level 2, -1/22 HPs)
             Began as a Demigod Transmuter on Apr 27, 2023.
             Slain by a gnoll
             ... wielding a +0 whip
              (10 damage)
             ... on level 1 of the Dungeon.
             The game lasted 00:00:39 (552 turns).

kae the Insei (Demigod Transmuter)                   Turns: 552, Time: 00:00:40

Health: -1/22      AC:  2    Str: 11    XL:     2   Next: 66%
Magic:  6/7        EV: 12    Int: 15    God:
Gold:   23         SH:  0    Dex: 14    Spells: 2/5 levels left

rFire   . .          .
                       - Unarmed
rCold   . . .        (no shield)
rNeg    . . .        a - +0 robe
rPois   .            (helmet currently unavailable)
rElec   .            (no cloak)
rCorr   .            (no gloves)
SInv    .            (boots currently unavailable)
Will    .....        (no amulet)
Stlth   +            (no ring)
HPRegen 0.23/turn    (no ring)
MPRegen 0.10/turn

%: no passive effects
@: appendages
A: horns 2, talons 2, high MP 1, forlorn, divine attributes
a: End Transformation


You were on level 1 of the Dungeon.
You had temporarily grown beastly horns and talons.
You visited 1 branch of the dungeon, and saw 1 of its levels.

You collected 23 gold pieces.


Innate Abilities, Weirdness & Mutations

You have temporarily grown beastly horns and talons.
You have an increased reservoir of magic. (+10% MP)
You shall have no god before yourself.
Your divine heritage dramatically boosts your attributes as you level up.


   Skills:
 - Level 0.8 Fighting
 - Level 1.7 Dodging
 - Level 2.6 Unarmed Combat
 + Level 2.4 Spellcasting
 + Level 2.5 Transmutations


You had 2 spell levels left.
You knew the following spells:

 Your Spells              Type           Power      Damage    Failure   Level
a - Beastly Appendage     Tmut           18%        N/A       8%          1
b - Wereblood             Tmut           9%         N/A       12%         2

Your spell library contained the following spells:

 Spells                   Type           Power      Damage    Failure   Level
 Spider Form              Tmut/Pois      5%         N/A       36%         3
 Ice Form                 Ice/Tmut       5%         N/A       77%         4

Inventory:

Missiles
 c - 5 stones
Armour
 a - a +0 robe (worn)
Scrolls
 f - a scroll of identify {unknown}
Potions
 b - 3 potions of lignification {!q}
 d - a potion of heal wounds {unknown}
 e - a potion of degeneration {unknown}
 g - a potion of cancellation {unknown}

Dungeon Overview and Level Annotations

Branches:
Dungeon (1/15) Zot: 5449

### #.# ##########
##.####.........
####...............
#.@.)..############
#g##...############
#. #...##..........
#. #.......########
#. #...........# #
...........###.# ##
#.###..#.......###.
..?
............##.. .
.....#.......##.#


You could see a gnoll.


Message History

You barely miss the kobold. You claw the kobold.
The kobold hits you with a +0 dagger.
* * * LOW HITPOINT WARNING * * *
😨 HP[-1]
You take 1 damage, and now have 7/22 hp.
Casting: Beastly Appendage (safe; 8% risk of failure)
Confirm with . or Enter, or press ? or * to list all spells.
Your blood is infused with primal strength.
The kobold misses you.
The kobold barely misses you. 😨 HP[+1] MP[-2]
You lost 2 mp, and now have 4/7 mp.
You hit the kobold. You claw the kobold, but do no damage.
The kobold barely misses you.
You closely miss the kobold. Your kick misses the kobold.
Your transformation is almost over.
The kobold closely misses you.
You closely miss the kobold. The kobold hits you with a +0 dagger.
* * * LOW HITPOINT WARNING * * *
😱 HP[-3]
You take 3 damage, and now have 5/22 hp.
You closely miss the kobold. You claw the kobold.
You feel a bit better.
You kill the kobold! 😨 HP[+3]
You regained 3 hp, and now have 8/22 hp.
Unknown command.
You hit the hobgoblin but do no damage.
You claw the hobgoblin, but do no damage.
Your headbutt misses the hobgoblin.
The hobgoblin barely misses you. 😨 MP[+1]
You barely miss the hobgoblin. You claw the hobgoblin.
You feel a bit better.
You kill the hobgoblin!
You howl as the wereblood boils in your veins! 😨 HP[+2]
You regained 2 hp, and now have 10/22 hp.
Items here: ) †††.
Unknown command. 😨 HP[+1]
You howl as the wereblood boils in your veins!
Your horns disappear.
Your talons disappear.
Your primal bloodlust is almost over.
You howl as the wereblood boils in your veins!
Your primal bloodlust has ended.
Key pressed, stopping explore.
Unknown command. 😮 HP[+3] MP[+1]
You regained 3 hp, and now have 14/22 hp.
An endoplasm comes into view. 😎 HP[+8] MP[+1]
Your hp is fully restored (22).
Your mp is fully restored (7).
Unknown command.
An endoplasm is nearby!
An endoplasm is nearby!
An endoplasm is nearby!
The endoplasm quivers.
Casting: Wereblood (safe; 12% risk of failure)
Confirm with . or Enter, or press ? or * to list all spells.
You grow a pair of large bovine horns.
Your feet morph into talons. 😎 MP[-1]
You lost 1 mp, and now have 6/7 mp.
You hit the endoplasm.
The endoplasm hits you but does no damage.
You hit the endoplasm.
You kill the endoplasm!
Your transformation is almost over.
Your horns disappear.
Your talons disappear.
g - a fuming green potion You see here a +0 whip.
A gnoll comes into view. It is wielding a +0 whip.
The gnoll shouts! 😎 MP[+1]
Your mp is fully restored (7).
A gnoll is nearby!
A gnoll is nearby!
Casting: Beastly Appendage (safe; 8% risk of failure)
Confirm with . or Enter, or press ? or * to list all spells.
You don't know that spell.
Casting: Beastly Appendage (safe; 8% risk of failure)
Confirm with . or Enter, or press ? or * to list all spells.
You grow a pair of large bovine horns.
Your feet morph into talons.
The gnoll closely misses you. The gnoll closely misses you. 😎 MP[-1]
You lost 1 mp, and now have 6/7 mp.
You hit the gnoll. You claw the gnoll. Your headbutt misses the gnoll.
The gnoll hits you with a +0 whip. 😕 HP[-2]
You take 2 damage, and now have 20/22 hp.
Unknown command.
You closely miss the gnoll.
The gnoll hits you with a +0 whip! 😮 HP[-7]
You take 7 damage, and now have 13/22 hp.
MASSIVE DAMAGE!! (PAUSE)
You hit the gnoll. The gnoll hits you with a +0 whip.
* * * LOW HITPOINT WARNING * * *
😨 HP[-4]
You take 4 damage, and now have 9/22 hp.
You hit the gnoll but do no damage. You claw the gnoll.
The gnoll hits you with a +0 whip!
You die...

Skill      XL: |  1 |
---------------+----+-----
Transmutations | 2 |  2.5
Spellcasting   | 2 |  2.4
Fighting       | |  0.8
Dodging        | |  1.7
Unarmed Combat | |  2.6

Action                     || total
---------------------------++-------
  Melee: Unarmed           ||    63
         Headbutt          ||     7
         Kick              ||    14
   Cast: Beastly Appendage ||    15
         Wereblood         ||     1
 Armour: Robe              ||     8
  Dodge: Dodged            ||    37

Levels and vault maps discovered:
D:1:      dpeg_arrival_boxes_within_box, layout_basic,
          chequers_ecumenical_altar_grove, minmay_box_of_dots

Notes
Turn   | Place    | Note
-------+----------+-------------------------------------------
     0 | D:1      | kae the Demigod Transmuter began the quest for the Orb.
     0 | D:1      | Reached XP level 1. HP: 15/15 MP: 5/5
     0 | D:1      | magus.rc [v1.11.3]
    83 | D:1      | Reached skill level 2 in Transmutations
    85 | D:1      | Reached skill level 2 in Spellcasting
   123 | D:1      | Reached XP level 2. HP: 21/22 MP: 4/7
   137 | D:1      | Learned a level 2 spell: Wereblood
   451 | D:1      | HP: 5/22 [kobold/+0 dagger (4)]
   552 | D:1      | Slain by a gnoll

Vanquished Creatures
  A dart slug (D:1)
  3 endoplasms (D:1)
  2 hobgoblins (D:1)
  2 jackals (D:1)
  A quokka (D:1)
  3 ball pythons (D:1)
  4 frilled lizards (D:1)
  2 goblins (D:1)
  3 kobolds (D:1)
  3 rats (D:1)
24 creatures vanquished.

Table legend:
 A = Non-vault XP
 B = Vault XP
 C = Vault XP percentage of total XP
 D = Non-vault monster count
 E = Vault monster count
 F = Vault count percentage of total count
                 A         B        C        D         E       F
            +---------+---------+-------+---------+---------+-------
      Total |      28 |       9 |  24.3 |      19 |       5 |  20.8
            +---------+---------+-------+---------+---------+-------
        D:1 |      28 |       9 |  24.3 |      19 |       5 |  20.8
            +---------+---------+-------+---------+---------+-------

Skill      XL: |  1 |
---------------+----+-----
Transmutations | 2 |  2.5
Spellcasting   | 2 |  2.4
Fighting       | |  0.8
Dodging        | |  1.7
Unarmed Combat | |  2.6

Action                     || total
---------------------------++-------
  Melee: Unarmed           ||    63
         Headbutt          ||     7
         Kick              ||    14
   Cast: Beastly Appendage ||    15
         Wereblood         ||     1
 Armour: Robe              ||     8
  Dodge: Dodged            ||    37

Illustrated notes

Table legend:
 A = Kills in this place as a percentage of kills in the entire game.
 B = Kills by you in this place as a percentage of kills by you in the entire game.
 C = Kills by friends in this place as a percentage of kills by friends in the entire game.
 D = Other kills in this place as a percentage of other kills in the entire game.
 E = Experience gained in this place as a percentage of experience gained in the entire game.
 F = Experience gained in this place divided by the number of levels of this place that you have seen.
                   A       B       C       D       E      F
               +-------+-------+-------+-------+-------+----------------------
         Total | 100.0 | 100.0 |   N/A |   N/A | 100.0 |  37.0
       Dungeon | 100.0 | 100.0 |   N/A |   N/A | 100.0 |  37.0
               +-------+-------+-------+-------+-------+----------------------

Table legend: (Time is in decaauts)
 A = Elapsed time spent in this place.
 B = Non-inter-level travel time spent in this place.
 C = Inter-level travel time spent in this place.
 D = Time resting spent in this place.
 E = Time spent auto-exploring this place.
 F = Levels seen in this place.
 G = Mean time per level.
                   A        B        C        D        E       F      G
               +--------+--------+--------+--------+--------+-----+--------+
         Total |    549 |    549 |      0 |      0 |    383 |   1 |  549.0 |
       Dungeon |    549 |    549 |      0 |      0 |    383 |   1 |  549.0 |
               +--------+--------+--------+--------+--------+-----+--------+

Top non-repeatable levels by time:
     D:1: 549 daAuts
